 Dungeon Crawl Stone Soup version 0.28.0-45-g0d030f2227 (webtiles) character file.

Game seed: 9955897753142248057

247 Ablot the Grasshopper (level 6, -2/50 HPs)
             Began as a Gnoll Warper on Apr 3, 2022.
             Slain by Eustachio
             ... wielding a +0 rapier
              (6 damage)
             ... on level 4 of the Dungeon.
             The game lasted 00:06:55 (4235 turns).

Ablot the Grasshopper (Gnoll Warper)                Turns: 4235, Time: 00:06:55

Health: -2/50      AC:  4    Str: 12    XL:     6   Next: 11%
Magic:  13/13      EV: 13    Int: 13    God:
Gold:   218        SH:  0    Dex: 11    Spells: 13/15 levels left

rFire   . . .      SeeInvis .   i - +2 dagger (drain)
rCold   . . .      Faith    .   (no shield)
rNeg    . . .      Spirit   .   b - +2 robe "Lepsel" {Archmagi}
rPois   .          Reflect  .   (no helmet)
rElec   .          Harm     .   (no cloak)
rCorr   .          Rampage  .   (no gloves)
Will    .....      Archmagi +   (no boots)
Stlth   ++........              (no amulet)
HPRegen 0.16/turn               (no ring)
MPRegen 0.13/turn               (no ring)

@: mighty
A: fangs 1, strong nose, distributed training
a: no special abilities


You were on level 4 of the Dungeon.
You visited 1 branch of the dungeon, and saw 4 of its levels.

You collected 218 gold pieces.

Inventory:

Hand Weapons
 a - a +0 trident
 i - a +2 dagger of draining (weapon)
Missiles
 d - 5 boomerangs of dispersal (quivered)
 e - 47 arrows
 g - 74 stones
 n - 37 sling bullets
Armour
 b - the +2 robe "Lepsel" (worn) {Archmagi}
   (You found it on level 4 of the Dungeon)

   Archmagi:  It increases the power of your magical spells.
Wands
 q - a wand of digging (8)
Scrolls
 c - 2 scrolls of blinking
 l - 4 scrolls of teleportation {unknown}
 m - a scroll of immolation {unknown}
 o - a scroll of noise {unknown}
 s - 2 scrolls of vulnerability {unknown}
 t - 3 scrolls of identify {unknown}
 v - 2 scrolls of enchant armour {unknown}
 w - a scroll of fear {unknown}
Potions
 f - a potion of cancellation
 j - a potion of magic {unknown}
 k - 2 potions of attraction
 p - a potion of degeneration {unknown}
 r - a potion of curing {unknown}


   Skills:
 + Level 4.9 Fighting
 + Level 1.8 Short Blades
 + Level 1.8 Long Blades
 + Level 1.8 Axes
 + Level 1.8 Maces & Flails
 + Level 4.9 Polearms
 + Level 1.8 Staves
 + Level 1.8 Slings
 + Level 1.8 Bows
 + Level 1.8 Crossbows
 + Level 3.1 Throwing
 + Level 3.1 Armour
 + Level 4.9 Dodging
 + Level 1.8 Stealth
 + Level 1.8 Shields
 + Level 1.8 Unarmed Combat
 + Level 5.3 Spellcasting
 + Level 1.4 Conjurations
 + Level 1.4 Hexes
 + Level 1.4 Summonings
 + Level 1.4 Necromancy
 + Level 5.6 Translocations
 + Level 1.4 Transmutations
 + Level 1.4 Fire Magic
 + Level 1.4 Ice Magic
 + Level 1.4 Air Magic
 + Level 1.4 Earth Magic
 + Level 1.4 Poison Magic
 + Level 2.0 Invocations
 + Level 1.8 Evocations


You had 13 spell levels left.
You knew the following spells:

 Your Spells              Type           Power      Damage    Failure   Level
a - Blink                 Tloc           54%        N/A       2%          2

Your spell library contained the following spells:

 Spells                   Type           Power      Damage    Failure   Level
 Gell's Gravitas          Tloc           27%        N/A       5%          3
 Lesser Beckoning         Tloc           27%        N/A       5%          3
 Teleport Other           Tloc           27%        N/A       5%          3
 Static Discharge         Conj/Air       10%        N/A       16%         2
 Manifold Assault         Tloc           27%        N/A       45%         5
 Lightning Bolt           Conj/Air       5%         1d17      95%         5
 Maxwell's Capacitive Co  Air            5%         ∞         100%        8


Dungeon Overview and Level Annotations

Branches:
Dungeon (4/15)
 Temple: D:4-7

Altars:
Sif Muna
Uskayaw

Annotations:
D:2 1 runed translucent door, 1 exclusion, Crazy Yiuf
D:3 3 runed translucent doors, exclusion: 3 doors, dangdung's ghost, amateur OpTm
D:4 1 exclusion, Duvessa; Eustachio


Innate Abilities, Weirdness & Mutations

You have very sharp teeth.
Your uncanny sense of smell can sniff out nearby items.
Your experience applies equally to all skills.


Message History

You feel attractive to monsters. The river rat barely misses you.
The ufetubus is attracted toward you. The shadow imp is attracted toward you.
It was a potion of cancellation.
Your magical effects are unravelling.
You feel magically purged.
Eustachio growls, "To hell with you, honourless miscreant!"
The river rat closely misses you.
You feel less attractive to monsters.
It was a potion of might.
You feel very mighty all of a sudden. The river rat misses you.
You closely miss the river rat.
The river rat is severely wounded.
The river rat twitches its whiskers.
The river rat bites you but does no damage.
You barely miss the river rat. You bite the river rat.
You kill the river rat!
The river rat's corpse disappears in a puff of smoke!
Eustachio mumbles some strange words.
Eustachio blinks!
You puncture the shadow imp!
The shadow imp is severely wounded.
Eustachio is no longer moving quickly.
You closely miss the shadow imp.
The shadow imp is severely wounded.
The shadow imp hits you.
* * * LOW HITPOINT WARNING * * *
You barely miss the shadow imp.
The shadow imp is severely wounded.
The shadow imp picks up a beetle and eats it.
The shadow imp barely misses you.
Eustachio casts a spell.
Eustachio blinks!
You puncture the shadow imp!
You kill the shadow imp!
The shadow imp disappears in a puff of smoke!
The ufetubus misses you. x2
Eustachio seems less drained.
Eustachio hits you with a +0 rapier.
You die...

####### ############ ..(....
######........... .......
#................ (......
#................
......(#####...........###..
.......§..5@..............<.
.......#####@..........###.#
....... #...........# #.#
.>..... ............# #.#
....... ##............ #.#
....... ##....######.##.#
....... ###### ..#.# #######
#.#.# .#.#


You could see Eustachio and an ufetubus (summoned).

Vanquished Creatures
  A hound (D:4)
  Ijyb (D:3)
  Natasha (thrice) (D:2)
  4 adders
  5 orcs (D:3)
  5 endoplasms
  A giant cockroach (D:2)
  7 goblins
  8 hobgoblins
  6 jackals
  8 kobolds
  4 quokkas
  7 ball pythons
  4 bats
  4 frilled lizards
  6 rats
74 creatures vanquished.

Notes
Turn   | Place    | Note
-------+----------+-------------------------------------------
     0 | D:1      | Ablot the Gnoll Warper began the quest for the Orb.
     0 | D:1      | Reached XP level 1. HP: 20/20 MP: 6/6
     3 | D:1      | Noticed an electric eel
     4 | D:1      | Noticed an electric eel
   160 | D:1      | Reached XP level 2. HP: 26/26 MP: 7/7
   229 | D:1      | You fall into a shaft and drop 1 floor!
   325 | D:2      | Reached skill level 5 in Spellcasting
   325 | D:2      | Reached XP level 3. HP: 30/31 MP: 7/9
   443 | D:1      | Reached skill level 1 in Invocations
   823 | D:2      | Reached skill level 1 in Short Blades
   823 | D:2      | Reached skill level 1 in Long Blades
   823 | D:2      | Reached skill level 1 in Axes
   823 | D:2      | Reached skill level 1 in Maces & Flails
   823 | D:2      | Reached skill level 1 in Staves
   823 | D:2      | Reached skill level 1 in Slings
   823 | D:2      | Reached skill level 1 in Bows
   823 | D:2      | Reached skill level 1 in Crossbows
   823 | D:2      | Reached skill level 1 in Stealth
   823 | D:2      | Reached skill level 1 in Shields
   823 | D:2      | Reached skill level 1 in Unarmed Combat
   823 | D:2      | Reached skill level 1 in Evocations
   826 | D:2      | Noticed Natasha
   836 | D:2      | Killed Natasha
   837 | D:2      | Reached XP level 4. HP: 18/38 MP: 11/11
  1164 | D:2      | Found a runed translucent door.
  1249 | D:2      | Noticed Natasha
  1261 | D:2      | Killed Natasha
  1262 | D:2      | Reached skill level 1 in Conjurations
  1262 | D:2      | Reached skill level 1 in Hexes
  1262 | D:2      | Reached skill level 1 in Summonings
  1262 | D:2      | Reached skill level 1 in Necromancy
  1262 | D:2      | Reached skill level 1 in Transmutations
  1262 | D:2      | Reached skill level 1 in Fire Magic
  1262 | D:2      | Reached skill level 1 in Ice Magic
  1262 | D:2      | Reached skill level 1 in Air Magic
  1262 | D:2      | Reached skill level 1 in Earth Magic
  1262 | D:2      | Reached skill level 1 in Poison Magic
  1602 | D:2      | Noticed Natasha
  1612 | D:2      | Killed Natasha
  1613 | D:2      | Reached XP level 5. HP: 12/43 MP: 12/12
  1864 | D:2      | Noticed Crazy Yiuf
  1908 | D:3      | Found a shimmering blue altar of Sif Muna.
  1929 | D:3      | Learned a level 2 spell: Blink
  2111 | D:3      | Found a hide-covered altar of Uskayaw.
  2332 | D:3      | Noticed Ijyb
  2333 | D:3      | Found a faded altar of an unknown god.
  2699 | D:3      | HP: 2/43 [Ijyb/+0 dagger (4)]
  3023 | D:3      | Killed Ijyb
  3200 | D:3      | Found a runed translucent gate.
  3200 | D:3      | Found a runed translucent gate.
  3200 | D:3      | Found a runed translucent gate.
  3343 | D:3      | Noticed dangdung's ghost (amateur OpTm)
  3509 | D:4      | Noticed Duvessa
  3913 | D:4      | Identified the +2 robe "Lepsel" {Archmagi}
  4026 | D:4      | Reached XP level 6. HP: 50/50 MP: 13/13
  4171 | D:4      | Noticed Eustachio
  4235 | D:4      | Slain by Eustachio

Illustrated notes

Levels and vault maps discovered:
D:1:      arrival_aquarium_b, layout_rooms
D:2:      layout_basic, uniq_crazy_yiuf_cottage, uniq_natasha
D:3:      layout_rooms, grunt_temple_overflow_open, gammafunk_ghost_necromancy,
          shapermc_ecumenical_altar_gd, uniq_ijyb
D:4:      cheibrodos_greedy_goblins, layout_basic, uniq_duvessa, uniq_eustachio

Skill      XL: |  1  2  3  4  5 |
---------------+----------------+-----
Spellcasting   | 5 |  5.3
Invocations    | 1 2 |  2.0
Short Blades   | 1 |  1.8
Long Blades    | 1 |  1.8
Axes           | 1 |  1.8
Maces & Flails | 1 |  1.8
Staves         | 1 |  1.8
Slings         | 1 |  1.8
Bows           | 1 |  1.8
Crossbows      | 1 |  1.8
Stealth        | 1 |  1.8
Shields        | 1 |  1.8
Unarmed Combat | 1 |  1.8
Evocations     | 1 |  1.8
Conjurations   | 1 |  1.4
Hexes          | 1 |  1.4
Summonings     | 1 |  1.4
Necromancy     | 1 |  1.4
Transmutations | 1 |  1.4
Fire Magic     | 1 |  1.4
Ice Magic      | 1 |  1.4
Air Magic      | 1 |  1.4
Earth Magic    | 1 |  1.4
Poison Magic   | 1 |  1.4
Throwing       | 3 |  3.1
Armour         | 3 |  3.1
Fighting       | |  4.9
Polearms       | |  4.9
Dodging        | |  4.9
Translocations | |  5.6

Action                   |  1- 3 |  4- 6 || total
-------------------------+-------+-------++-------
Melee: Spear             |    16 |       ||    16
       Dagger            |    74 |   202 ||   276
       Bite              |     7 |    22 ||    29
       Punch             |     1 |     2 ||     3
       Unarmed           |       |    89 ||    89
Throw: Dart              |       |     5 ||     5
  Use: Potion            |       |     3 ||     3
 Stab: Sleeping          |       |     1 ||     1
Armor: Leather armour    |    23 |    33 ||    56
       Skin              |       |     3 ||     3
       Robe              |       |     7 ||     7
Dodge: Dodged            |    50 |   152 ||   202
